 Dungeon Crawl Stone Soup version 0.17-a0-1373-g64d4c99 (webtiles) character file.

250 wvc the Cutter (level 6, -2/32 HPs)
             Began as a Vine Stalker Wanderer on June 13, 2015.
             Was a Follower of Okawaru.
             Slain by an orc
             ... wielding a +0 whip
              (4 damage)
             ... on level 4 of the Dungeon.
             The game lasted 00:07:05 (2793 turns).

wvc the Cutter (Vine Stalker Wanderer)              Turns: 2793, Time: 00:07:05

Health: -2/32      AC:  8    Str: 15    XL:     6   Next: 13%
Magic:  0/7        EV: 14    Int: 12    God:    Okawaru [*.....]
Gold:   166        SH:  0    Dex: 15    Spells: 0 memorised, 5 levels left

rFire  . . .     SeeInvis .     a - +2 dagger
rCold  . . .     Clarity  .     c - +1 ring mail
rNeg   . . .     SustAt   .     (no shield)
rPois  .         Gourm    .     f - +0 helmet
rElec  .         Spirit   +     (no cloak)
rCorr  .         Warding  .     (no gloves)
rMut   .         Stasis   .     (no boots)
MR     .....                    (no amulet)
Stlth  +++.......               (no ring)
                                (no ring)

@: heroism, not resistant to hostile enchantments, fairly stealthy
A: fangs 2, regeneration 2, magic shield, antimagic bite, no device heal 3, rot
immunity
a: Heroism, Renounce Religion


You were on level 4 of the Dungeon.
You worshipped Okawaru.
Okawaru was aware of your devotion.
You were not hungry.

You visited 1 branch of the dungeon, and saw 4 of its levels.

You collected 166 gold pieces.

Inventory:

Hand weapons
 a - a +2 dagger (weapon)
 d - a +0 mace
Armour
 c - a +1 ring mail (worn)
 f - a +0 helmet (worn)
Scrolls
 b - a scroll of immolation
 h - a scroll of enchant armour
Potions
 g - a potion of brilliance {unknown}
 i - 2 potions of might
 j - a potion of curing
 k - 2 potions of ambrosia
 m - a potion of agility {unknown}
 n - 2 potions of magic
Comestibles
 e - a bread ration


   Skills:
 - Level 3.6(8.6) Fighting
 * Level 4.5(9.5) Short Blades
 - Level 1.7(6.7) Maces & Flails
 - Level 1.0(6.0) Throwing
 - Level 1.5(6.5) Armour
 - Level 1.0(6.0) Dodging
 + Level 3.2(8.2) Stealth


You had 5 spell levels left.
You didn't know any spells.

Dungeon Overview and Level Annotations

Branches:
Dungeon (4/15)
 Temple: D:4-7

Altars:
Dithmenos
Elyvilon
Makhleb
Okawaru
Ru
Sif Muna


Innate Abilities, Weirdness & Mutations

You have extremely sharp teeth.
You heal very quickly.
When hurt, damage is shared between your health and your magic reserves.
Your bite disrupts and absorbs the magic of your enemies.
Potions and wands cannot restore your health.
You are immune to rotting.


Message History

The ogre is almost dead.
You barely miss the ogre. Your bite misses the ogre.
The ogre is almost dead.
The ogre hits you with a giant club.
You completely miss the ogre.
The ogre is almost dead.
You hit the ogre.
You kill the ogre!
Okawaru accepts your kill.
Your base Short Blades skill increases to level 4!
Your base Stealth skill increases to level 3!
You have reached level 6!
Your experience leads to an increase in your attributes!
Increase (S)trength, (I)ntelligence, or (D)exterity?
You feel agile.
You begin to heal more quickly.
Eat which item? (? for menu, Esc to quit)
You continue eating.
The orc hits you with a whip.
You die...

......# #.#......
#........ ##.)......
##......... ..##
#..........
.....#..........
#...<........ #
.....##@........
#.... ##o.......
##.. ##.........
##...#####..########
#......#...##
#.#......###
........##
.....#...# ....
##..#


You could see an orc.

Vanquished Creatures
  An ogre (D:4)
  Ijyb (D:2)
  Robin (D:3)
  2 adders
  4 oozes
  11 bats
  21 goblins
  10 hobgoblins
  7 jackals
  3 quokkas
  5 giant cockroaches
  A giant gecko (D:3)
  5 giant newts
  7 kobolds
  11 rats
90 creatures vanquished.

Notes
Turn   | Place    | Note
--------------------------------------------------------------
     0 | D:1      | wvc the Vine Stalker Wanderer began the quest for the Orb.
     0 | D:1      | wvc set off with: a +2 dagger, a potion of heal wounds, a +0 ring mail, a +0 mace, a bread ration
     0 | D:1      | Reached XP level 1. HP: 12/12 MP: 2/2
    40 | D:1      | Reached skill level 1 in Short Blades
    40 | D:1      | Reached XP level 2. HP: 13/16 MP: 1/3
   550 | D:1      | Reached XP level 3. HP: 20/20 MP: 4/4
   936 | D:1      | Reached skill level 1 in Dodging
   995 | D:2      | Noticed Ijyb
  1036 | D:2      | Killed Ijyb
  1036 | D:2      | Reached XP level 4. HP: 18/25 MP: 5/5
  1316 | D:2      | Found a white marble altar of Elyvilon.
  1433 | D:2      | Found a faded altar to an unknown god.
  1445 | D:2      | Became a worshipper of Warmaster Okawaru
  1445 | D:2      | Acquired Okawaru's first power
  1860 | D:3      | Noticed Robin
  1889 | D:3      | Reached XP level 5. HP: 24/28 MP: 4/6
  1906 | D:3      | Killed Robin
  2086 | D:3      | Found a sacrificial altar of Ru.
  2244 | D:3      | Found a burning altar of Makhleb.
  2367 | D:3      | Found a deep blue altar of Sif Muna.
  2367 | D:3      | Found a shadowy altar of Dithmenos.
  2725 | D:4      | Noticed an ogre
  2787 | D:4      | HP: 1/28 [ogre/giant club (2)]
  2791 | D:4      | Killed an ogre
  2791 | D:4      | Reached skill level 4 in Short Blades
  2791 | D:4      | Gained mutation: You heal very quickly. [Vine Stalker growth]
  2791 | D:4      | Reached XP level 6. HP: 1/32 MP: 0/7
  2793 | D:4      | Slain by an orc

Vault maps used:
D:1:      dpeg_arrival_subterranean_lakeside_camping
D:2:      old_standard_altar, ecumenical_altar_2, uniq_iyjb
D:3:      lemuel_crystal_altar, lemuel_doored_altar,
          amethyst_overflow_temple_binary, first_bread, uniq_robin

Action                   |  1- 3 |  4- 6 || total
-------------------------+-------+-------++-------
Melee: Dagger            |   160 |   184 ||   344
Invok: Heroism           |       |     1 ||     1
  Use: Scroll            |       |     8 ||     8
 Stab: Sleeping          |     1 |     3 ||     4
  Eat: Chunk             |       |     5 ||     5
       Bread ration      |       |     1 ||     1
